 Dungeon Crawl Stone Soup version 0.20.0 (webtiles) character file.

71 FakerFangirl the Cudgeler (level 4, -1/38 HPs)
             Began as a Draconian Fighter on May 25, 2017.
             Was a Follower of Cheibriados.
             Killed from afar by an orc wizard (3 damage)
             ... with a puff of flame
             ... on level 3 of the Dungeon.
             The game lasted 00:02:36 (1934 turns).

FakerFangirl the Cudgeler (Draconian Fighter)       Turns: 1934, Time: 00:02:37

Health: -1/38      AC:  5    Str: 20    XL:     4   Next: 5%
Magic:  4/4        EV: 10    Int: 11    God:    Cheibriados [*.....]
Gold:   111        SH:  9    Dex: 13    Spells: 3/3 levels left

rFire    . . .     SeeInvis .   Y - +0 flail
rCold    . . .     Gourm    .   b - +0 shield
rNeg     . . .     Faith    .   (armour unavailable)
rPois    .         Spirit   .   (helmet restricted)
rElec    .         Reflect  .   (no cloak)
rCorr    .         Harm     .   (no gloves)
MR       .....                  (no boots)
Stlth    +.........             (no amulet)
Regen    0.2/turn               (no ring)
MPRegen  0.1/turn               (no ring)

@: very slow
A: unfitting armour, cold-blooded, AC +5
a: Bend Time, Renounce Religion


You were on level 3 of the Dungeon.
You worshipped Cheibriados.
Cheibriados was aware of your devotion.
You were not hungry.

You visited 1 branch of the dungeon, and saw 3 of its levels.

You collected 111 gold pieces.


Innate Abilities, Weirdness & Mutations

Your plain brown scales are hard. (AC +5)
You cannot fit into any form of body armour.
You are cold-blooded and may be slowed by cold attacks.


   Skills:
 - Level 3.2 Fighting
 + Level 4.3 Maces & Flails
 - Level 2.6 Dodging
 - Level 3.0 Shields


You had 3 spell levels left.
You didn't know any spells.

Inventory:

Hand Weapons
 Y - a +0 flail (weapon)
Armour
 b - a +0 shield (worn)
Jewellery
 e - an uncursed ring of resist corrosion {unknown}
Scrolls
 g - 2 scrolls of identify
 h - 2 scrolls of remove curse
Potions
 c - 2 potions of might
 k - a potion of ambrosia {unknown}
 l - a potion of berserk rage {unknown}
 o - 2 potions of curing
 q - a potion of magic {unknown}
Comestibles
 d - 4 bread rations
 i - a chunk of flesh
 m - a meat ration
 n - a royal jelly
 p - a fruit

Dungeon Overview and Level Annotations

Branches:
Dungeon (3/15)

Altars:
Cheibriados
Fedhas
Makhleb
Ru


Message History

The orc is severely wounded.
You block the orc's attack. The orc closely misses you.
You block the orc's attack.
You hit the orc.
You kill the orc!
Cheibriados appreciates the change of pace.
You hear some strange, mumbled words.
A puff of flame appears from out of thin air!
The puff of flame hits you! You block the orc's attack.
You hit the orc.
The orc is lightly wounded.
Something hits you but does no damage. You block the orc's attack.
Something hits you.
Your shield prevents you from hitting the orc.
The orc is lightly wounded.
Your surroundings seem slightly different.
Found a blue potion.
Found an escape hatch in the ceiling.
A puff of flame appears from out of thin air!
The puff of flame hits you!
You die...

#### .<.#
####### ...#
##....!## ...#
##..<....## ...#
#.........# ...#
#.........# ...#
#....@....# ...#
#.........# ...#
..#.........#
...#
#.#..$......##
...#
#.#....o.....#
####
###............#
.......)ยค.....#
#.............#
#...)......##.#


You could see an orc.

Vanquished Creatures
  An adder (D:2)
  An ooze (D:3)
  3 worms (D:2)
  A dart slug (D:3)
  A leopard gecko (D:1)
  3 orcs (D:3)
  2 ball pythons
  2 giant cockroaches
  3 hobgoblins (D:2)
  A quokka (D:2)
  8 bats
  5 frilled lizards
  7 goblins
  3 kobolds
  2 rats (D:2)
43 creatures vanquished.

Notes
Turn   | Place    | Note
-------+----------+-------------------------------------------
     0 | D:1      | FakerFangirl the Draconian Fighter began the quest for the Orb.
     0 | D:1      | Reached XP level 1. HP: 19/19 MP: 1/1
     0 | D:1      | 0 ||| counter = 31
   218 | D:1      | Reached XP level 2. HP: 25/26 MP: 2/2
   448 | D:1      | You fall through a shaft!
   449 | D:2      | 449 ||| Shafted from D:1 to D:2.
   453 | D:2      | Reached skill level 3 in Maces & Flails
   476 | D:1      | 476 ||| Successfully unshafted to D:1.
   601 | D:1      | 601 ||| READING 2 scrolls labeled BUCAIC TILAZO.
   604 | D:1      | 604 ||| READING 2 scrolls labeled ISONGA GIBYBE.
   605 | D:1      | 605 ||| READING 3 scrolls labeled MUOSKO OF QUT.
   606 | D:1      | 606 ||| READING scroll labeled YTHAUS VIEBLO.
   607 | D:1      | 607 ||| READING scroll labeled EBECSI DUOFAC.
   608 | D:1      | 608 ||| DRINKING 3 amethyst potions.
   609 | D:1      | 609 ||| DRINKING 2 metallic puce potions.
   610 | D:1      | 610 ||| DROPPING 2 potions of flight.
   934 | D:2      | Found a snail-covered altar of Cheibriados.
   945 | D:2      | Became a worshipper of Cheibriados the Contemplative
  1069 | D:2      | Reached XP level 3. HP: 31/31 MP: 3/3
  1240 | D:2      | Found a sacrificial altar of Ru.
  1245 | D:2      | Found a burning altar of Makhleb.
  1372 | D:2      | Reached skill level 4 in Maces & Flails
  1648 | D:2      | 1648 ||| READING scroll labeled KOVINK OFOTRO.
  1649 | D:2      | 1649 ||| DRINKING 2 fizzy pink potions.
  1650 | D:2      | 1650 ||| READING 2 scrolls of identify.
  1650 | D:2      | 1650 ||| IDENTIFYING dark potion
  1651 | D:2      | 1651 ||| DROPPING potion of agility.
  1763 | D:3      | Reached * piety under Cheibriados
  1837 | D:3      | Found a blossoming altar of Fedhas.
  1918 | D:3      | Reached XP level 4. HP: 28/38 MP: 4/4
  1924 | D:3      | HP: 9/38 [something (2)]
  1925 | D:3      | 1925 ||| READING 2 scrolls of teleportation.
  1926 | D:3      | 1926 ||| DRINKING potion of heal wounds.
  1929 | D:3      | 1929 ||| READING scroll of teleportation.
  1931 | D:3      | HP: 2/38 [something/puff of flame (4)]
  1934 | D:3      | Killed from afar by an orc wizard

Vault maps used:
D:1:      onia_arrival_mini_spirals
D:2:      nicolae_overflow_crystal_walls, minitemple, first_bread,
          kennysheep_big_empty_room
D:3:      fedhas_altar_3, uniq_sigmund

Skill      XL: |  1  2  3 |
---------------+----------+-----
Maces & Flails | 3 4 |  4.3
Fighting       | |  3.2
Dodging        | |  2.6
Shields        | |  3.0

Action                   |  1- 3 |  4- 6 || total
-------------------------+-------+-------++-------
Melee: Flail             |   124 |    12 ||   136
       Tailslap          |    13 |     4 ||    17
  Use: Scroll            |     7 |     2 ||     9
       Potion            |     3 |     1 ||     4
 Stab: Sleeping          |     1 |       ||     1
  Eat: Chunk             |     4 |       ||     4
Armor: Skin              |    30 |     9 ||    39
Dodge: Dodged            |    43 |     8 ||    51
Block: Shield            |    58 |    15 ||    73
